AoeStats
← lilythebirddog

Oasis

509123444Analyzed
2v2 RM · 8d ago on Sep 25, 2026· 39m 12s· 4 players
Game mode
Random Map
Map size
Medium (4 player)
Population
200
Speed
Normal
Resources
Standard
Victory
Conquest
Starting age
Dark Age
Ending age
Imperial Age
RankedLock teamsTeams togetherTeam positionsShared explorationLock speedFull tech treeHidden civsTurbo modeCheats
Victory
Defeat
🇮🇸 Franks · Iceland
458
+25
🇮🇳 Khmer · India
457
+25
🇹🇷 Chinese · Türkiye
743
-26
🇫🇷 Teutons · France
646
-24
N{o}No
0:34 Loom
11:59 Feudal Age
13:21 Double-Bit Axe
13:20 Horse Collar
20:51 Castle Age
18:57 Stone Mining
19:56 Scale Barding Armor
21:56 Fletching
23:03 Bodkin Arrow
26:24 Bow Saw
26:17 Heavy Plow
27:21 Forging
36:48 Iron Casting
39:03 Squires
38:24 Pikeman
39:16 Gold Mining
sburaks
19:48 Feudal Age
23:45 Wheelbarrow
23:38 Horse Collar
24:14 Double-Bit Axe
32:30 Castle Age
lilythebirddog
0:50 Loom
11:06 Feudal Age
18:40 Fletching
18:51 Padded Archer Armor
29:40 Castle Age
28:20 Forging
28:15 Scale Mail Armor
resignorwin
6:15 Loom
11:15 Feudal Age
16:43 Wheelbarrow
16:44 Forging
16:56 Double-Bit Axe
18:53 Scale Barding Armor
25:36 Castle Age
26:27 Husbandry
27:05 Iron Casting
26:51 Chain Barding Armor
28:53 Fletching
30:00 Gold Mining
30:02 Stone Mining
31:17 Bow Saw
31:45 Gold Shaft Mining
Connection lost

Rejoining the realm…

Still unreachable

The connection could not be restored.

Session expired

The server has moved on; the page needs a fresh start.